[ AOE2 MATCH · #458564669 ]
Team RMInca vs Bulgarians
[ REPLAY ANALYSIS · EXTRACTED FROM THE RECORDED GAME ]
Feudal
12:20
Castle
17:39
Imperial
37:51
| APM avg | 32.8 |
| APM peak | 60 |
| eAPM avg | 20.1 |
| Villagers / military | 96 / 27 |
Focus
⚔️ 24.1% · 🌾 75.9%
Unknown (2550) ×17 · Kamayuk ×13 · Fishing Ship ×11 · Battering Ram ×5 · Trebuchet (Packed) ×4 · Galley ×3
Feudal
13:56
Castle
18:29
Imperial
—
| APM avg | 21.4 |
| APM peak | 48 |
| eAPM avg | 12.4 |
| Villagers / military | 121 / 73 |
Focus
⚔️ 28.7% · 🌾 71.3%
Plumed Archer ×51 · Archer ×22 · Fishing Ship ×4
Feudal
16:26
Castle
—
Imperial
—
| APM avg | 10.1 |
| APM peak | 33 |
| eAPM avg | 7.0 |
| Villagers / military | 53 / 17 |
Focus
⚔️ 16.0% · 🌾 84.0%
Fishing Ship ×64 · Fire Galley ×11 · Transport Ship ×6
Feudal
14:53
Castle
19:08
Imperial
—
| APM avg | 27.8 |
| APM peak | 90 |
| eAPM avg | 12.5 |
| Villagers / military | 109 / 91 |
Focus
⚔️ 25.3% · 🌾 74.7%
Camel Scout ×88 · Skirmisher ×2 · Scout Cavalry ×1
Feudal
14:49
Castle
23:39
Imperial
—
| APM avg | 21.3 |
| APM peak | 41 |
| eAPM avg | 13.0 |
| Villagers / military | 85 / 40 |
Focus
⚔️ 18.2% · 🌾 81.8%
Fishing Ship ×40 · Conquistador ×12 · Fire Galley ×10 · Galley ×9 · Demolition Raft ×6 · Militia ×3
Feudal
16:16
Castle
20:36
Imperial
—
| APM avg | 37.8 |
| APM peak | 99 |
| eAPM avg | 10.3 |
| Villagers / military | 90 / 223 |
Focus
⚔️ 31.8% · 🌾 68.2%
Cavalry Archer ×223
Feudal
16:37
Castle
23:00
Imperial
—
| APM avg | 28.4 |
| APM peak | 75 |
| eAPM avg | 11.2 |
| Villagers / military | 68 / 24 |
Focus
⚔️ 21.8% · 🌾 78.2%
Archer ×11 · Rattan Archer ×10 · Fishing Ship ×9 · Mangonel ×2 · Battering Ram ×1
Feudal
16:20
Castle
20:31
Imperial
—
| APM avg | 42.1 |
| APM peak | 102 |
| eAPM avg | 25.2 |
| Villagers / military | 68 / 19 |
Focus
⚔️ 7.8% · 🌾 92.2%
Battering Ram ×14 · Fishing Ship ×8 · Militia ×2 · Mangonel ×2 · Petard ×1
Match map
Initial resources + every placement click. Lines = walls · curves = elevation contours. ◆ gold · ⬟ stone · ● berries · ✦ relic · ◌ wall gap
Your base· Open — 4t gap
Bailador Sensual's base· Open — 13t gap
golden Eagle's base· Open — unwalled flank
Delorean's base· Open — 14t gap
Waldmann's base· Open — 4t gap
Jota's base· Open — 13t gap
tomeq's base· Open — unwalled flank
King Hansonite III's base· Open — unwalled flank
Smoothed initial terrain · ◌ = detected wall gap · hover for details
Inputs per minute
— <Zarvan> - - Bailador Sensual
Build order — <Zarvan>
First 150 of 250 actions detected
| 0:10 | Build | Town Center |
| 1:54 | Build | House |
| 1:58 | Build | Dock |
| 2:38 | Create | Villager (Male) |
| 2:38 | Create | Villager (Male) |
| 2:38 | Create | Villager (Male) |
| 2:38 | Create | Villager (Male) |
| 3:43 | Create | Fishing Ship |
| 4:21 | Research | Loom |
| 4:29 | Create | Fishing Ship |
| 4:53 | Create | Villager (Male) |
| 5:07 | Create | Villager (Male) |
| 5:07 | Create | Villager (Male) |
| 5:40 | Create | Villager (Male) |
| 5:40 | Create | Villager (Male) |
| 6:00 | Create | Fishing Ship |
| 6:14 | Create | Villager (Male) |
| 6:18 | Build | House |
| 6:32 | Create | Villager (Male) |
| 6:44 | Create | Fishing Ship |
| 7:11 | Create | Villager (Male) |
| 7:18 | Create | Fishing Ship |
| 7:45 | Create | Villager (Male) |
| 7:45 | Create | Villager (Male) |
| 7:51 | Create | Fishing Ship |
| 8:25 | Create | Villager (Male) |
| 8:56 | Create | Villager (Male) |
| 9:14 | Build | Settlement |
| 9:34 | Create | Fishing Ship |
| 9:35 | Create | Villager (Male) |
| 10:10 | Research | Feudal Age |
| 10:24 | Create | Fishing Ship |
| 10:59 | Build | Settlement |
| 11:56 | Create | Villager (Male) |
| 12:05 | Create | Fishing Ship |
| 12:20 | Age | Feudal Age |
| 12:33 | Build | Market |
| 12:44 | Research | Town Watch |
| 12:58 | Create | Villager (Male) |
| 13:18 | Build | Blacksmith |
| 13:19 | Create | Villager (Male) |
| 13:39 | Create | Demolition Raft |
| 14:02 | Create | Villager (Male) |
| 14:59 | Research | Castle Age |
| 15:07 | Create | Demolition Raft |
| 16:03 | Create | Fishing Ship |
| 16:25 | Build | Barracks |
| 16:48 | Create | Villager (Male) |
| 17:01 | Create | Fishing Ship |
| 17:06 | Build | Archery Range |
| 17:11 | Research | Tech 1402 |
| 17:30 | Research | Double-Bit Axe |
| 17:33 | Research | Horse Collar |
| 17:35 | Research | Gold Mining |
| 17:39 | Age | Castle Age |
| 17:42 | Research | Stone Mining |
| 17:47 | Create | Villager (Male) |
| 17:52 | Research | Scale Mail Armor |
| 17:52 | Research | Forging |
| 17:58 | Create | Unit 2550 |
| 17:58 | Create | Unit 2550 |
| 18:07 | Create | Villager (Male) |
| 18:53 | Build | Town Center |
| 18:56 | Create | Villager (Male) |
| 19:15 | Create | Unit 2550 |
| 19:15 | Create | Unit 2550 |
| 19:16 | Create | Unit 2550 |
| 19:35 | Create | Galley |
| 19:35 | Create | Galley |
| 19:50 | Research | Wheelbarrow |
| 19:52 | Create | Villager (Male) |
| 19:58 | Research | Bow Saw |
| 20:00 | Research | Gold Shaft Mining |
| 20:19 | Create | Villager (Male) |
| 20:29 | Create | Galley |
| 20:46 | Create | Villager (Male) |
| 20:53 | Create | Villager (Male) |
| 20:55 | Create | Villager (Male) |
| 21:11 | Build | Town Center |
| 21:24 | Build | House |
| 21:26 | Create | Villager (Male) |
| 21:32 | Build | House |
| 21:48 | Research | Tech 1351 |
| 22:01 | Create | Villager (Male) |
| 22:06 | Build | Town Center |
| 22:09 | Create | Villager (Male) |
| 22:18 | Build | Farm |
| 22:19 | Build | Farm |
| 22:22 | Build | Farm |
| 22:24 | Build | Farm |
| 22:26 | Build | Farm |
| 22:52 | Create | Villager (Male) |
| 23:11 | Build | Siege Workshop |
| 23:13 | Build | Settlement |
| 23:17 | Create | Villager (Male) |
| 23:17 | Create | Villager (Male) |
| 23:17 | Create | Villager (Male) |
| 23:22 | Create | Villager (Male) |
| 23:33 | Create | Villager (Male) |
| 23:55 | Create | Villager (Male) |
| 24:01 | Create | Villager (Male) |
| 24:03 | Create | Villager (Male) |
| 24:30 | Create | Villager (Male) |
| 24:33 | Create | Villager (Male) |
| 24:54 | Create | Villager (Male) |
| 25:04 | Create | Battering Ram |
| 25:36 | Create | Villager (Male) |
| 25:40 | Build | Farm |
| 25:41 | Build | Farm |
| 25:43 | Build | Farm |
| 25:48 | Build | Farm |
| 25:49 | Build | Farm |
| 25:51 | Build | Farm |
| 25:54 | Build | Farm |
| 25:58 | Create | Villager (Male) |
| 25:58 | Create | Villager (Male) |
| 26:03 | Research | Squires |
| 26:04 | Research | Arson |
| 26:10 | Create | Villager (Male) |
| 26:15 | Build | Farm |
| 26:16 | Create | Villager (Male) |
| 26:36 | Create | Battering Ram |
| 26:36 | Create | Battering Ram |
| 26:41 | Create | Villager (Male) |
| 26:45 | Create | Villager (Male) |
| 26:46 | Create | Villager (Male) |
| 26:59 | Research | Fletching |
| 27:15 | Build | Town Center |
| 27:26 | Create | Villager (Male) |
| 28:14 | Create | Villager (Male) |
| 28:24 | Build | Farm |
| 28:26 | Build | Farm |
| 28:29 | Build | Farm |
| 28:31 | Build | Farm |
| 28:33 | Create | Villager (Male) |
| 28:50 | Create | Villager (Male) |
| 28:53 | Create | Villager (Male) |
| 29:00 | Research | Bodkin Arrow |
| 29:11 | Build | University |
| 29:18 | Build | Monastery |
| 29:21 | Create | Villager (Male) |
| 29:43 | Create | Villager (Male) |
| 29:50 | Research | Wheelbarrow |
| 29:52 | Create | Villager (Male) |
| 30:01 | Create | Villager (Male) |
| 30:10 | Create | Battering Ram |
| 30:10 | Create | Battering Ram |
| 30:21 | Build | Farm |
| 30:24 | Research | Ballistics |
| 30:27 | Research | Chain Mail Armor |
Build order — Bailador Sensual
First 150 of 259 actions detected
| 0:30 | Build | Town Center |
| 0:40 | Build | Dock |
| 0:52 | Build | House |
| 0:53 | Build | House |
| 2:47 | Create | Villager (Male) |
| 2:48 | Create | Villager (Male) |
| 2:48 | Create | Villager (Male) |
| 4:04 | Create | Villager (Male) |
| 4:05 | Create | Villager (Male) |
| 4:57 | Create | Villager (Male) |
| 4:59 | Create | Villager (Male) |
| 5:14 | Create | Fishing Ship |
| 5:14 | Create | Fishing Ship |
| 5:52 | Create | Villager (Male) |
| 5:52 | Create | Villager (Male) |
| 5:53 | Create | Villager (Male) |
| 6:02 | Build | House |
| 6:17 | Create | Villager (Male) |
| 6:51 | Create | Fishing Ship |
| 7:06 | Create | Villager (Male) |
| 7:13 | Create | Villager (Male) |
| 7:23 | Create | Villager (Male) |
| 7:23 | Create | Villager (Male) |
| 7:57 | Build | House |
| 8:20 | Create | Villager (Male) |
| 8:20 | Create | Villager (Male) |
| 8:21 | Create | Villager (Male) |
| 8:21 | Create | Villager (Male) |
| 8:21 | Create | Villager (Male) |
| 8:22 | Create | Villager (Male) |
| 9:22 | Create | Villager (Male) |
| 9:22 | Create | Villager (Male) |
| 10:21 | Build | Mill |
| 10:28 | Build | House |
| 11:46 | Research | Feudal Age |
| 12:26 | Build | House |
| 13:03 | Build | Mining Camp |
| 13:52 | Research | Loom |
| 13:52 | Create | Villager (Male) |
| 13:53 | Create | Villager (Male) |
| 13:53 | Create | Villager (Male) |
| 13:56 | Age | Feudal Age |
| 14:06 | Build | Market |
| 14:10 | Build | Blacksmith |
| 14:12 | Build | House |
| 15:38 | Build | Mining Camp |
| 15:49 | Research | Castle Age |
| 16:00 | Build | Barracks |
| 16:06 | Build | Lumber Camp |
| 16:14 | Build | Lumber Camp |
| 16:49 | Research | Double-Bit Axe |
| 16:53 | Research | Horse Collar |
| 17:23 | Build | Archery Range |
| 17:26 | Research | Town Watch |
| 17:39 | Create | Villager (Male) |
| 17:39 | Create | Villager (Male) |
| 17:39 | Create | Villager (Male) |
| 18:04 | Research | Fletching |
| 18:18 | Create | Fishing Ship |
| 18:29 | Age | Castle Age |
| 18:46 | Create | Archer |
| 19:09 | Build | Archery Range |
| 19:13 | Research | Crossbowman (upgrade) |
| 19:16 | Create | Villager (Male) |
| 19:46 | Create | Archer |
| 19:47 | Create | Archer |
| 19:54 | Create | Villager (Male) |
| 19:55 | Create | Villager (Male) |
| 20:05 | Build | Town Center |
| 20:24 | Create | Villager (Male) |
| 20:32 | Build | House |
| 20:33 | Build | House |
| 20:43 | Build | Stone Wall |
| 20:49 | Create | Archer |
| 21:06 | Create | Archer |
| 21:06 | Create | Archer |
| 21:10 | Create | Archer |
| 21:11 | Create | Villager (Male) |
| 21:11 | Create | Villager (Male) |
| 21:16 | Create | Villager (Male) |
| 21:17 | Create | Villager (Male) |
| 21:22 | Build | Farm |
| 21:25 | Build | Farm |
| 21:38 | Build | Farm |
| 21:41 | Build | Farm |
| 21:52 | Build | Farm |
| 21:56 | Build | Farm |
| 21:59 | Create | Villager (Male) |
| 21:59 | Create | Villager (Male) |
| 21:59 | Create | Villager (Male) |
| 22:12 | Create | Archer ×5 |
| 22:33 | Create | Villager (Male) |
| 22:34 | Create | Villager (Male) |
| 22:46 | Build | Farm |
| 22:51 | Build | House |
| 22:54 | Build | Farm |
| 22:56 | Build | Farm |
| 23:15 | Build | Farm |
| 23:17 | Create | Villager (Male) |
| 23:18 | Create | Villager (Male) |
| 23:18 | Create | Villager (Male) |
| 23:46 | Build | House |
| 23:47 | Build | House |
| 23:52 | Build | University |
| 24:14 | Create | Villager (Male) |
| 24:14 | Create | Villager (Male) |
| 24:15 | Create | Villager (Male) |
| 24:15 | Create | Villager (Male) |
| 24:15 | Create | Villager (Male) |
| 24:35 | Create | Villager (Male) |
| 25:23 | Create | Archer ×5 |
| 25:23 | Create | Archer ×5 |
| 25:25 | Create | Villager (Male) |
| 25:25 | Create | Villager (Male) |
| 25:25 | Create | Villager (Male) |
| 25:25 | Create | Villager (Male) |
| 25:37 | Build | Town Center |
| 25:43 | Build | Town Center |
| 26:03 | Build | Palisade Wall |
| 26:06 | Build | Palisade Wall |
| 26:17 | Create | Villager (Male) |
| 26:18 | Create | Villager (Male) |
| 26:32 | Create | Villager (Male) |
| 26:33 | Create | Villager (Male) |
| 26:40 | Research | Ballistics |
| 26:50 | Build | Lumber Camp |
| 26:53 | Create | Villager (Male) |
| 26:53 | Create | Villager (Male) |
| 26:54 | Create | Villager (Male) |
| 27:07 | Create | Villager (Male) |
| 27:08 | Create | Villager (Male) |
| 27:27 | Build | House |
| 27:28 | Build | House |
| 27:29 | Build | House |
| 28:15 | Create | Villager (Male) |
| 28:15 | Create | Villager (Male) |
| 28:16 | Create | Villager (Male) |
| 28:20 | Create | Villager (Male) |
| 28:57 | Build | Palisade Wall |
| 29:02 | Build | Palisade Wall |
| 29:12 | Build | Palisade Wall |
| 29:14 | Build | Palisade Wall |
| 29:17 | Build | Palisade Wall |
| 29:25 | Create | Villager (Male) |
| 29:25 | Create | Villager (Male) |
| 29:25 | Create | Villager (Male) |
| 29:25 | Create | Villager (Male) |
| 29:46 | Build | Castle |
| 30:07 | Research | Bodkin Arrow |
| 30:13 | Build | Farm |
Build order — golden Eagle
141 actions detected in the replay
| 0:12 | Build | Town Center |
| 1:26 | Build | House |
| 1:30 | Build | Dock |
| 2:29 | Research | Loom |
| 2:30 | Create | Villager (Male) |
| 2:30 | Create | Villager (Male) |
| 2:31 | Create | Villager (Male) |
| 2:31 | Create | Villager (Male) |
| 2:31 | Create | Villager (Male) |
| 2:31 | Create | Villager (Male) |
| 2:40 | Create | Fishing Ship |
| 3:34 | Create | Villager (Male) |
| 4:17 | Build | House |
| 4:32 | Create | Villager (Male) |
| 4:32 | Create | Villager (Male) |
| 4:50 | Build | House |
| 4:57 | Create | Villager (Male) |
| 4:57 | Create | Villager (Male) |
| 5:36 | Create | Fishing Ship |
| 5:36 | Create | Fishing Ship |
| 5:55 | Create | Villager (Male) |
| 5:56 | Create | Villager (Male) |
| 6:04 | Create | Villager (Male) |
| 6:04 | Create | Villager (Male) |
| 6:16 | Create | Fishing Ship |
| 6:17 | Create | Fishing Ship |
| 6:23 | Build | House |
| 6:43 | Create | Fishing Ship |
| 7:11 | Create | Villager (Male) |
| 7:17 | Create | Fishing Ship |
| 7:17 | Create | Fishing Ship |
| 7:34 | Create | Villager (Male) |
| 7:34 | Create | Villager (Male) |
| 7:44 | Create | Fishing Ship |
| 8:05 | Create | Villager (Male) |
| 8:15 | Build | Dock |
| 8:28 | Create | Villager (Male) |
| 8:41 | Build | House |
| 8:41 | Build | House |
| 8:48 | Create | Fishing Ship |
| 9:10 | Create | Villager (Male) |
| 9:28 | Create | Fishing Ship |
| 9:28 | Create | Fishing Ship |
| 9:28 | Create | Fishing Ship |
| 9:28 | Create | Fishing Ship |
| 9:37 | Create | Villager (Male) |
| 9:37 | Create | Villager (Male) |
| 9:44 | Build | House |
| 9:46 | Build | House |
| 9:59 | Build | House |
| 10:01 | Build | House |
| 10:04 | Create | Villager (Male) |
| 10:04 | Create | Villager (Male) |
| 10:19 | Build | Mill |
| 10:33 | Create | Transport Ship |
| 10:39 | Create | Fishing Ship |
| 10:39 | Create | Fishing Ship |
| 10:40 | Create | Fishing Ship |
| 10:50 | Create | Villager (Male) |
| 10:54 | Create | Villager (Male) |
| 10:55 | Create | Villager (Male) |
| 11:09 | Build | Mining Camp |
| 11:43 | Create | Fishing Ship |
| 11:43 | Create | Fishing Ship |
| 11:43 | Create | Fishing Ship |
| 11:44 | Create | Fishing Ship |
| 11:52 | Create | Villager (Male) |
| 11:52 | Create | Villager (Male) |
| 11:52 | Create | Villager (Male) |
| 11:53 | Create | Villager (Male) |
| 11:53 | Create | Villager (Male) |
| 12:34 | Create | Fishing Ship |
| 12:35 | Create | Fishing Ship |
| 12:35 | Create | Fishing Ship |
| 12:35 | Create | Fishing Ship |
| 12:35 | Create | Fishing Ship |
| 13:06 | Build | Dock |
| 13:29 | Create | Villager (Male) |
| 13:30 | Create | Villager (Male) |
| 13:45 | Create | Fishing Ship ×3 |
| 13:58 | Create | Transport Ship |
| 13:59 | Create | Transport Ship |
| 14:05 | Create | Fishing Ship |
| 14:05 | Create | Fishing Ship |
| 14:05 | Create | Fishing Ship |
| 14:12 | Build | House |
| 14:15 | Build | House |
| 14:22 | Research | Feudal Age |
| 14:47 | Build | Lumber Camp |
| 14:50 | Create | Villager (Male) |
| 14:52 | Create | Villager (Male) |
| 15:00 | Create | Fishing Ship ×2 |
| 15:01 | Create | Fishing Ship ×2 |
| 15:41 | Create | Fishing Ship |
| 15:41 | Create | Fishing Ship |
| 15:41 | Create | Fishing Ship |
| 15:55 | Build | House |
| 15:56 | Build | House |
| 15:57 | Build | House |
| 16:03 | Build | Dock |
| 16:26 | Age | Feudal Age |
| 16:55 | Build | Market |
| 16:59 | Create | Villager (Male) |
| 17:01 | Research | Double-Bit Axe |
| 17:34 | Create | Fire Galley |
| 17:34 | Create | Fire Galley |
| 17:34 | Create | Fire Galley |
| 17:45 | Create | Fire Galley |
| 17:46 | Create | Fire Galley |
| 17:59 | Create | Villager (Male) |
| 17:59 | Create | Villager (Male) |
| 18:12 | Build | Blacksmith |
| 18:13 | Create | Villager (Male) |
| 18:13 | Create | Villager (Male) |
| 18:42 | Create | Fire Galley |
| 18:42 | Create | Fire Galley |
| 18:43 | Create | Fire Galley |
| 18:56 | Create | Fire Galley |
| 18:57 | Create | Fire Galley |
| 18:57 | Create | Fire Galley |
| 19:02 | Create | Villager (Male) |
| 19:02 | Create | Villager (Male) |
| 21:09 | Create | Villager (Male) |
| 21:09 | Create | Villager (Male) |
| 21:10 | Create | Villager (Male) |
| 21:10 | Create | Villager (Male) |
| 21:24 | Create | Transport Ship |
| 21:24 | Create | Transport Ship |
| 21:24 | Create | Transport Ship |
| 21:59 | Create | Villager (Male) |
| 21:59 | Create | Villager (Male) |
| 22:51 | Build | Dock |
| 23:08 | Create | Villager (Male) |
| 23:08 | Create | Villager (Male) |
| 23:08 | Create | Villager (Male) |
| 23:44 | Create | Fishing Ship ×5 |
| 23:44 | Create | Fishing Ship ×5 |
| 23:44 | Create | Fishing Ship ×5 |
| 23:44 | Create | Fishing Ship ×5 |
| 23:45 | Create | Fishing Ship ×5 |
| 24:01 | Build | Dock |
Build order — Delorean
First 150 of 303 actions detected
| 0:34 | Build | Town Center |
| 1:06 | Build | Town Center |
| 2:46 | Build | House |
| 2:47 | Build | House |
| 3:12 | Create | Villager (Male) ×4 |
| 3:12 | Create | Villager (Male) ×4 |
| 4:19 | Create | Villager (Male) |
| 5:06 | Create | Villager (Male) |
| 5:19 | Create | Villager (Male) |
| 5:33 | Research | Loom |
| 5:34 | Create | Villager (Male) |
| 5:34 | Create | Villager (Male) |
| 5:54 | Research | Loom |
| 6:07 | Create | Villager (Male) |
| 6:07 | Create | Villager (Male) |
| 6:24 | Create | Villager (Male) |
| 6:25 | Create | Villager (Male) |
| 6:44 | Research | Loom |
| 6:48 | Create | Villager (Male) |
| 6:49 | Create | Villager (Male) |
| 6:55 | Build | House |
| 7:21 | Create | Villager (Male) |
| 7:40 | Build | Mill |
| 8:02 | Create | Villager (Male) |
| 8:02 | Create | Villager (Male) |
| 8:03 | Create | Villager (Male) |
| 8:37 | Create | Villager (Male) |
| 8:38 | Create | Villager (Male) |
| 8:45 | Build | House |
| 9:18 | Create | Villager (Male) |
| 9:18 | Create | Villager (Male) |
| 9:18 | Create | Villager (Male) |
| 10:36 | Create | Villager (Male) |
| 10:37 | Create | Villager (Male) |
| 11:26 | Build | Barracks |
| 11:32 | Create | Villager (Male) |
| 12:16 | Create | Villager (Male) |
| 12:40 | Build | Mining Camp |
| 12:43 | Research | Feudal Age |
| 14:53 | Age | Feudal Age |
| 14:55 | Build | Stable |
| 15:01 | Build | Market |
| 15:05 | Build | House |
| 15:07 | Build | House |
| 15:08 | Build | House |
| 15:33 | Build | Blacksmith |
| 16:19 | Build | Stable |
| 16:28 | Research | Castle Age |
| 16:33 | Research | Gold Mining |
| 16:41 | Build | Lumber Camp |
| 16:51 | Create | Scout Cavalry |
| 16:59 | Build | Farm |
| 16:59 | Build | Farm |
| 17:00 | Build | Farm |
| 17:00 | Build | Farm |
| 17:00 | Build | Farm |
| 17:00 | Build | Farm |
| 17:01 | Build | Farm |
| 17:01 | Build | Farm |
| 17:33 | Build | House |
| 17:41 | Build | Palisade Wall |
| 17:58 | Research | Double-Bit Axe |
| 18:10 | Build | Farm |
| 18:11 | Build | Farm |
| 18:46 | Research | Horse Collar |
| 19:08 | Age | Castle Age |
| 19:09 | Create | Camel Scout ×2 |
| 19:10 | Create | Camel Scout ×2 |
| 19:33 | Create | Camel Scout |
| 19:33 | Create | Camel Scout |
| 19:42 | Create | Camel Scout |
| 19:52 | Build | Town Center |
| 19:58 | Build | Farm |
| 20:03 | Build | Farm |
| 20:23 | Create | Villager (Male) |
| 20:36 | Create | Camel Scout |
| 20:36 | Create | Camel Scout |
| 20:44 | Create | Camel Scout |
| 20:44 | Create | Camel Scout |
| 20:44 | Create | Camel Scout |
| 20:50 | Build | Farm |
| 20:50 | Build | Farm |
| 20:59 | Create | Villager (Male) |
| 21:18 | Create | Villager (Male) |
| 21:19 | Create | Villager (Male) |
| 21:33 | Build | Farm |
| 21:38 | Create | Camel Scout |
| 21:39 | Create | Camel Scout |
| 21:39 | Create | Camel Scout |
| 22:29 | Create | Villager (Male) |
| 22:29 | Create | Villager (Male) |
| 22:29 | Create | Villager (Male) |
| 22:40 | Create | Camel Scout |
| 22:40 | Create | Camel Scout |
| 22:41 | Create | Camel Scout |
| 23:09 | Create | Villager (Male) |
| 23:09 | Create | Villager (Male) |
| 23:09 | Create | Villager (Male) |
| 23:10 | Create | Villager (Male) |
| 23:10 | Create | Villager (Male) |
| 23:44 | Create | Camel Scout |
| 23:44 | Create | Camel Scout |
| 23:44 | Create | Camel Scout |
| 23:53 | Build | Farm |
| 23:54 | Build | Farm |
| 23:54 | Build | Farm |
| 23:54 | Build | Farm |
| 23:54 | Build | Farm |
| 23:55 | Build | Farm |
| 23:55 | Build | Farm |
| 23:55 | Build | Farm |
| 23:55 | Build | Farm |
| 24:03 | Build | House |
| 24:03 | Build | House |
| 24:03 | Build | House |
| 24:04 | Build | House |
| 24:05 | Build | House |
| 24:05 | Build | House |
| 24:05 | Build | House |
| 24:05 | Build | House |
| 24:06 | Build | House |
| 24:06 | Build | House |
| 24:06 | Build | House |
| 24:52 | Create | Camel Scout |
| 24:52 | Create | Camel Scout |
| 24:53 | Create | Camel Scout |
| 24:53 | Create | Camel Scout |
| 24:53 | Create | Camel Scout |
| 25:32 | Build | House |
| 25:33 | Build | House |
| 25:34 | Create | Villager (Male) |
| 25:35 | Create | Villager (Male) |
| 25:35 | Create | Villager (Male) |
| 25:45 | Create | Camel Scout ×2 |
| 25:45 | Create | Camel Scout ×2 |
| 26:01 | Create | Camel Scout |
| 26:01 | Create | Camel Scout |
| 26:01 | Create | Camel Scout |
| 26:10 | Build | Farm |
| 26:54 | Create | Villager (Male) |
| 26:54 | Create | Villager (Male) |
| 26:54 | Create | Villager (Male) |
| 26:55 | Create | Villager (Male) |
| 26:55 | Create | Villager (Male) |
| 26:55 | Create | Villager (Male) |
| 27:22 | Create | Camel Scout |
| 27:22 | Create | Camel Scout |
| 27:31 | Build | Town Center |
| 28:16 | Create | Camel Scout |
| 28:17 | Create | Camel Scout |
Build order — Waldmann
First 150 of 259 actions detected
| 0:22 | Build | Town Center |
| 0:49 | Build | House |
| 2:36 | Build | House |
| 2:49 | Create | Villager (Male) |
| 2:49 | Create | Villager (Male) |
| 2:49 | Create | Villager (Male) |
| 2:49 | Create | Villager (Male) |
| 2:49 | Create | Villager (Male) |
| 3:17 | Research | Loom |
| 3:41 | Build | Dock |
| 4:03 | Create | Villager (Male) |
| 5:09 | Create | Villager (Male) |
| 5:38 | Create | Villager (Male) |
| 5:40 | Create | Fishing Ship |
| 6:17 | Create | Villager (Male) |
| 6:20 | Build | House |
| 7:06 | Create | Fishing Ship |
| 7:06 | Create | Fishing Ship |
| 7:09 | Create | Villager (Male) |
| 7:10 | Create | Villager (Male) |
| 7:10 | Create | Villager (Male) |
| 7:10 | Create | Villager (Male) |
| 7:45 | Create | Fishing Ship |
| 7:46 | Create | Fishing Ship |
| 7:53 | Create | Villager (Male) |
| 8:19 | Build | House |
| 8:24 | Create | Villager (Male) |
| 8:30 | Create | Fishing Ship |
| 8:40 | Create | Villager (Male) |
| 8:40 | Create | Villager (Male) |
| 8:58 | Build | House |
| 9:01 | Create | Villager (Male) |
| 9:17 | Create | Fishing Ship |
| 9:18 | Create | Fishing Ship |
| 9:22 | Create | Villager (Male) |
| 9:45 | Create | Villager (Male) |
| 9:46 | Create | Fishing Ship |
| 10:00 | Create | Villager (Male) |
| 10:01 | Create | Villager (Male) |
| 10:23 | Build | Mill |
| 10:38 | Create | Fishing Ship |
| 10:57 | Create | Villager (Male) |
| 11:00 | Create | Fishing Ship |
| 11:18 | Create | Villager (Male) |
| 11:22 | Create | Fishing Ship |
| 11:51 | Build | House |
| 12:10 | Build | House |
| 12:37 | Build | Mining Camp |
| 12:39 | Research | Feudal Age |
| 12:50 | Build | Dock |
| 13:09 | Create | Fishing Ship |
| 13:42 | Build | Barracks |
| 14:00 | Create | Fishing Ship |
| 14:00 | Create | Fishing Ship |
| 14:29 | Create | Militia |
| 14:29 | Create | Militia |
| 14:49 | Age | Feudal Age |
| 14:51 | Create | Fire Galley |
| 14:52 | Create | Galley |
| 14:53 | Create | Fire Galley |
| 15:07 | Create | Militia |
| 15:08 | Research | Man-at-Arms (upgrade) |
| 15:12 | Create | Villager (Male) |
| 15:12 | Create | Villager (Male) |
| 15:20 | Research | Gold Mining |
| 15:39 | Create | Fire Galley |
| 15:48 | Build | House |
| 16:01 | Create | Galley |
| 16:12 | Create | Villager (Male) |
| 16:20 | Build | House |
| 16:28 | Create | Galley |
| 16:51 | Build | House |
| 16:54 | Create | Villager (Male) |
| 17:31 | Create | Galley |
| 17:32 | Create | Fire Galley |
| 17:36 | Build | House |
| 17:37 | Create | Villager (Male) |
| 17:37 | Create | Villager (Male) |
| 18:07 | Create | Galley |
| 18:08 | Create | Fire Galley |
| 18:16 | Create | Villager (Male) |
| 18:42 | Create | Villager (Male) |
| 18:46 | Build | Blacksmith |
| 18:56 | Create | Villager (Male) |
| 19:26 | Build | House |
| 19:58 | Build | House |
| 20:08 | Build | Market |
| 20:09 | Create | Villager (Male) |
| 20:09 | Create | Villager (Male) |
| 20:20 | Create | Fire Galley |
| 20:21 | Create | Galley |
| 20:21 | Create | Galley |
| 20:54 | Research | Fletching |
| 20:56 | Research | Castle Age |
| 21:14 | Build | Farm |
| 21:14 | Build | Farm |
| 21:17 | Research | Horse Collar |
| 21:21 | Build | Lumber Camp |
| 21:30 | Build | House |
| 21:40 | Create | Galley |
| 22:04 | Create | Fire Galley |
| 22:04 | Create | Fire Galley |
| 22:35 | Create | Fire Galley |
| 22:35 | Create | Fire Galley |
| 23:08 | Build | Farm |
| 23:09 | Build | Farm |
| 23:10 | Build | Farm |
| 23:17 | Build | House |
| 23:39 | Age | Castle Age |
| 23:58 | Build | Farm |
| 24:04 | Build | Farm |
| 24:09 | Research | War Galley (upgrade) |
| 24:18 | Create | Galley |
| 24:31 | Create | Villager (Male) |
| 24:32 | Create | Villager (Male) |
| 24:37 | Build | House |
| 24:38 | Research | Double-Bit Axe |
| 25:04 | Build | Farm |
| 25:05 | Create | Villager (Male) |
| 25:05 | Create | Villager (Male) |
| 25:05 | Create | Villager (Male) |
| 25:12 | Create | Demolition Raft |
| 25:13 | Create | Demolition Raft |
| 25:13 | Create | Demolition Raft |
| 25:13 | Create | Demolition Raft |
| 25:13 | Create | Demolition Raft |
| 25:22 | Create | Fishing Ship |
| 25:22 | Create | Fishing Ship |
| 25:22 | Create | Fishing Ship |
| 25:22 | Create | Fishing Ship |
| 25:29 | Create | Villager (Male) |
| 25:29 | Create | Villager (Male) |
| 25:44 | Research | Bow Saw |
| 26:22 | Build | Town Center |
| 26:27 | Create | Villager (Male) |
| 26:55 | Create | Fishing Ship |
| 26:55 | Create | Fishing Ship |
| 26:57 | Create | Fishing Ship |
| 27:11 | Research | Bodkin Arrow |
| 27:46 | Build | Castle |
| 27:54 | Build | Castle |
| 28:40 | Create | Conquistador |
| 28:40 | Create | Conquistador |
| 28:46 | Create | Villager (Male) |
| 28:52 | Create | Fishing Ship |
| 28:53 | Create | Fishing Ship |
| 28:53 | Create | Fishing Ship |
| 29:15 | Build | Farm |
| 29:21 | Build | Farm |
| 29:23 | Create | Villager (Male) |
Build order — Jota
First 150 of 163 actions detected
| 0:25 | Build | Town Center |
| 2:49 | Create | Villager (Male) ×4 |
| 2:49 | Create | Villager (Male) ×4 |
| 2:49 | Create | Villager (Male) ×4 |
| 4:32 | Create | Villager (Male) |
| 4:32 | Create | Villager (Male) |
| 4:32 | Create | Villager (Male) |
| 5:04 | Create | Villager (Male) |
| 5:05 | Create | Villager (Male) |
| 5:05 | Create | Villager (Male) |
| 5:24 | Create | Villager (Male) |
| 5:24 | Create | Villager (Male) |
| 5:56 | Create | Villager (Male) |
| 5:56 | Create | Villager (Male) |
| 6:12 | Create | Villager (Male) |
| 6:12 | Create | Villager (Male) |
| 6:13 | Create | Villager (Male) |
| 6:53 | Create | Villager (Male) |
| 6:53 | Create | Villager (Male) |
| 6:53 | Create | Villager (Male) |
| 7:13 | Create | Villager (Male) |
| 7:13 | Create | Villager (Male) |
| 7:13 | Create | Villager (Male) |
| 7:22 | Research | Loom |
| 7:51 | Create | Villager (Male) |
| 7:51 | Create | Villager (Male) |
| 7:51 | Create | Villager (Male) |
| 7:52 | Create | Villager (Male) |
| 8:28 | Create | Villager (Male) |
| 8:29 | Create | Villager (Male) |
| 8:29 | Create | Villager (Male) |
| 8:54 | Build | Mill |
| 9:22 | Create | Villager (Male) |
| 9:23 | Create | Villager (Male) |
| 9:23 | Create | Villager (Male) |
| 9:23 | Create | Villager (Male) |
| 9:23 | Create | Villager (Male) |
| 10:21 | Create | Villager (Male) |
| 10:21 | Create | Villager (Male) |
| 10:21 | Create | Villager (Male) |
| 10:21 | Create | Villager (Male) |
| 10:22 | Create | Villager (Male) |
| 10:22 | Create | Villager (Male) |
| 10:22 | Create | Villager (Male) |
| 10:47 | Build | Mill |
| 13:07 | Build | Mining Camp |
| 13:10 | Create | Villager (Male) |
| 14:06 | Research | Feudal Age |
| 14:49 | Create | Villager (Male) ×5 |
| 16:16 | Age | Feudal Age |
| 16:21 | Build | Market |
| 16:29 | Build | Blacksmith |
| 17:22 | Create | Villager (Male) |
| 17:39 | Build | Barracks |
| 17:44 | Research | Castle Age |
| 19:21 | Build | Archery Range |
| 19:22 | Build | Archery Range |
| 19:24 | Build | Archery Range |
| 19:30 | Research | Fletching |
| 19:33 | Create | Villager (Male) ×5 |
| 20:36 | Age | Castle Age |
| 20:40 | Build | Town Center |
| 20:50 | Research | Bodkin Arrow |
| 21:05 | Create | Cavalry Archer |
| 21:06 | Create | Cavalry Archer |
| 21:14 | Create | Cavalry Archer |
| 21:14 | Create | Cavalry Archer |
| 21:37 | Build | Lumber Camp |
| 21:47 | Create | Villager (Male) ×5 |
| 21:55 | Create | Cavalry Archer |
| 22:01 | Create | Cavalry Archer |
| 22:01 | Create | Cavalry Archer |
| 22:01 | Create | Cavalry Archer |
| 22:01 | Create | Cavalry Archer |
| 22:02 | Create | Cavalry Archer |
| 22:02 | Create | Cavalry Archer |
| 22:10 | Create | Cavalry Archer |
| 22:10 | Create | Cavalry Archer |
| 22:10 | Create | Cavalry Archer |
| 22:24 | Create | Villager (Male) ×2 |
| 22:24 | Create | Villager (Male) ×2 |
| 22:24 | Create | Villager (Male) ×2 |
| 22:43 | Create | Cavalry Archer |
| 22:45 | Create | Cavalry Archer |
| 23:16 | Create | Cavalry Archer ×5 |
| 23:16 | Create | Cavalry Archer ×5 |
| 23:16 | Create | Cavalry Archer ×5 |
| 23:16 | Create | Cavalry Archer ×5 |
| 23:16 | Create | Cavalry Archer ×5 |
| 23:36 | Create | Villager (Male) |
| 23:36 | Create | Villager (Male) |
| 23:42 | Create | Villager (Male) |
| 23:43 | Create | Villager (Male) |
| 23:43 | Create | Villager (Male) |
| 24:56 | Create | Cavalry Archer ×5 |
| 24:56 | Create | Cavalry Archer ×5 |
| 24:57 | Create | Cavalry Archer ×5 |
| 24:57 | Create | Cavalry Archer |
| 25:08 | Build | Farm |
| 25:08 | Build | Farm |
| 25:08 | Build | Farm |
| 25:09 | Build | Farm |
| 25:18 | Build | Stable |
| 25:25 | Research | Padded Archer Armor |
| 25:28 | Create | Cavalry Archer ×3 |
| 25:28 | Create | Cavalry Archer ×3 |
| 25:28 | Create | Cavalry Archer ×3 |
| 25:44 | Build | Farm |
| 25:45 | Build | Farm |
| 25:46 | Build | Farm |
| 26:25 | Research | Husbandry |
| 26:28 | Research | Bloodlines |
| 26:29 | Research | Bloodlines |
| 26:29 | Research | Bloodlines |
| 27:08 | Build | Farm |
| 27:49 | Research | Husbandry |
| 27:53 | Create | Cavalry Archer ×5 |
| 27:54 | Create | Cavalry Archer ×5 |
| 27:54 | Create | Cavalry Archer ×5 |
| 27:54 | Create | Cavalry Archer ×2 |
| 28:28 | Create | Cavalry Archer ×3 |
| 28:28 | Create | Cavalry Archer ×3 |
| 28:28 | Create | Cavalry Archer ×3 |
| 29:39 | Build | University |
| 29:42 | Create | Villager (Male) ×5 |
| 30:27 | Create | Cavalry Archer ×5 |
| 30:28 | Create | Cavalry Archer ×5 |
| 30:28 | Create | Cavalry Archer ×5 |
| 30:28 | Create | Cavalry Archer ×4 |
| 31:04 | Research | Ballistics |
| 31:11 | Research | Wheelbarrow |
| 32:00 | Create | Cavalry Archer ×5 |
| 32:00 | Create | Cavalry Archer ×5 |
| 32:00 | Create | Cavalry Archer ×5 |
| 32:01 | Create | Cavalry Archer ×5 |
| 32:24 | Research | Town Watch |
| 32:30 | Create | Cavalry Archer |
| 32:30 | Create | Cavalry Archer |
| 32:31 | Create | Cavalry Archer |
| 33:19 | Create | Villager (Male) ×4 |
| 34:16 | Create | Villager (Male) ×3 |
| 34:23 | Create | Cavalry Archer ×5 |
| 34:23 | Create | Cavalry Archer ×5 |
| 34:23 | Create | Cavalry Archer ×5 |
| 34:23 | Create | Cavalry Archer ×5 |
| 34:24 | Create | Cavalry Archer ×2 |
| 34:24 | Create | Cavalry Archer ×2 |
| 36:22 | Research | Leather Archer Armor |
| 36:25 | Create | Cavalry Archer ×5 |
| 36:25 | Create | Cavalry Archer ×5 |
Build order — tomeq
First 150 of 164 actions detected
| 0:48 | Build | Town Center |
| 1:14 | Build | Dock |
| 3:10 | Create | Villager (Male) |
| 3:11 | Create | Villager (Male) |
| 3:11 | Create | Villager (Male) |
| 3:14 | Create | Villager (Male) |
| 3:14 | Create | Villager (Male) |
| 4:05 | Build | House |
| 4:08 | Create | Villager (Male) |
| 5:19 | Create | Fishing Ship |
| 5:49 | Build | House |
| 5:50 | Create | Villager (Male) |
| 5:50 | Create | Villager (Male) |
| 6:15 | Research | Loom |
| 6:38 | Create | Villager (Male) |
| 6:47 | Create | Fishing Ship |
| 7:05 | Create | Villager (Male) |
| 7:16 | Create | Fishing Ship |
| 7:31 | Create | Villager (Male) |
| 7:33 | Build | House |
| 7:54 | Create | Villager (Male) |
| 8:02 | Build | House |
| 8:08 | Create | Villager (Male) |
| 8:37 | Build | Mill |
| 8:39 | Create | Villager (Male) |
| 9:00 | Create | Villager (Male) |
| 9:16 | Create | Villager (Male) |
| 9:18 | Create | Fishing Ship |
| 9:29 | Build | House |
| 9:45 | Create | Villager (Male) |
| 10:07 | Create | Villager (Male) |
| 10:16 | Create | Fishing Ship |
| 10:32 | Create | Villager (Male) |
| 10:42 | Create | Villager (Male) |
| 10:52 | Build | House |
| 11:05 | Create | Villager (Male) |
| 11:17 | Create | Fishing Ship |
| 11:31 | Build | Dock |
| 11:36 | Build | House |
| 11:41 | Create | Villager (Male) |
| 11:47 | Build | Mining Camp |
| 11:56 | Build | House |
| 12:21 | Create | Fishing Ship |
| 12:37 | Create | Villager (Male) |
| 12:59 | Create | Villager (Male) |
| 13:04 | Build | Barracks |
| 13:28 | Create | Villager (Male) |
| 13:32 | Build | House |
| 13:45 | Create | Fishing Ship |
| 13:46 | Create | Fishing Ship |
| 14:25 | Build | House |
| 14:27 | Research | Feudal Age |
| 14:42 | Build | Lumber Camp |
| 14:59 | Build | House |
| 15:41 | Build | House |
| 15:59 | Build | House |
| 16:14 | Build | House |
| 16:37 | Age | Feudal Age |
| 16:43 | Build | Archery Range |
| 16:44 | Research | Double-Bit Axe |
| 16:51 | Create | Villager (Male) |
| 16:52 | Create | Villager (Male) |
| 17:02 | Build | Archery Range |
| 17:26 | Create | Archer |
| 17:32 | Create | Villager (Male) |
| 17:36 | Build | Mining Camp |
| 17:54 | Build | Blacksmith |
| 17:56 | Create | Villager (Male) |
| 18:03 | Create | Archer |
| 18:04 | Create | Archer |
| 18:36 | Create | Villager (Male) |
| 18:38 | Create | Villager (Male) |
| 18:47 | Create | Archer |
| 18:47 | Create | Archer |
| 19:02 | Create | Archer |
| 19:02 | Create | Archer |
| 19:11 | Build | Market |
| 19:23 | Create | Archer |
| 19:24 | Create | Archer |
| 19:34 | Research | Fletching |
| 19:39 | Create | Villager (Male) |
| 20:20 | Research | Castle Age |
| 20:44 | Create | Archer |
| 20:45 | Create | Archer |
| 21:29 | Research | Padded Archer Armor |
| 23:00 | Age | Castle Age |
| 23:19 | Build | Castle |
| 23:25 | Research | Wheelbarrow |
| 23:54 | Build | Siege Workshop |
| 24:34 | Create | Mangonel |
| 26:43 | Create | Battering Ram |
| 26:58 | Build | Castle |
| 28:40 | Build | Town Center |
| 29:32 | Create | Villager (Male) |
| 29:32 | Create | Villager (Male) |
| 29:32 | Create | Villager (Male) |
| 29:32 | Create | Villager (Male) |
| 29:35 | Create | Villager (Male) |
| 29:35 | Create | Villager (Male) |
| 30:09 | Create | Villager (Male) |
| 30:09 | Create | Villager (Male) |
| 30:09 | Create | Villager (Male) |
| 30:36 | Create | Villager (Male) |
| 30:37 | Create | Villager (Male) |
| 30:47 | Build | Fish Trap |
| 30:49 | Build | Fish Trap |
| 30:50 | Build | Fish Trap |
| 30:52 | Research | Tech 906 |
| 31:43 | Create | Villager (Male) |
| 31:44 | Create | Villager (Male) |
| 32:13 | Build | Town Center |
| 33:15 | Create | Villager (Male) |
| 33:15 | Create | Villager (Male) |
| 33:24 | Create | Villager (Male) |
| 33:24 | Create | Villager (Male) |
| 33:24 | Create | Villager (Male) |
| 33:25 | Create | Villager (Male) |
| 33:30 | Build | Fish Trap |
| 33:33 | Build | Fish Trap |
| 33:35 | Build | Fish Trap |
| 33:40 | Build | Fish Trap |
| 33:45 | Build | Fish Trap |
| 34:15 | Create | Villager (Male) |
| 35:05 | Build | Mining Camp |
| 35:34 | Create | Mangonel |
| 35:42 | Create | Villager (Male) |
| 35:42 | Create | Villager (Male) |
| 35:43 | Create | Villager (Male) |
| 36:30 | Create | Villager (Male) |
| 36:30 | Create | Villager (Male) |
| 36:31 | Create | Villager (Male) |
| 36:43 | Build | Fish Trap |
| 36:46 | Research | Gillnets |
| 37:25 | Create | Villager (Male) |
| 37:25 | Create | Villager (Male) |
| 37:26 | Create | Villager (Male) |
| 37:34 | Build | Castle |
| 37:39 | Create | Villager (Male) |
| 38:34 | Research | Leather Archer Armor |
| 38:39 | Create | Rattan Archer |
| 38:39 | Create | Rattan Archer |
| 38:39 | Create | Rattan Archer |
| 38:39 | Create | Rattan Archer |
| 39:29 | Create | Villager (Male) |
| 39:30 | Create | Villager (Male) |
| 39:30 | Create | Villager (Male) |
| 39:30 | Create | Villager (Male) |
| 39:30 | Create | Villager (Male) |
| 39:31 | Create | Villager (Male) |
| 39:44 | Create | Rattan Archer |
Build order — King Hansonite III
144 actions detected in the replay
| 0:41 | Build | Dock |
| 0:43 | Build | House |
| 1:17 | Build | Town Center |
| 4:31 | Create | Villager (Male) |
| 4:31 | Create | Villager (Male) |
| 4:31 | Create | Villager (Male) |
| 4:32 | Create | Villager (Male) |
| 4:46 | Create | Villager (Male) |
| 4:47 | Create | Villager (Male) |
| 5:48 | Create | Villager (Male) |
| 5:48 | Create | Villager (Male) |
| 5:48 | Create | Villager (Male) |
| 6:04 | Build | House |
| 6:39 | Create | Villager (Male) |
| 6:44 | Create | Fishing Ship |
| 7:26 | Create | Villager (Male) |
| 7:27 | Create | Villager (Male) |
| 7:29 | Create | Fishing Ship |
| 7:42 | Build | House |
| 8:03 | Create | Villager (Male) |
| 8:03 | Create | Villager (Male) |
| 8:13 | Create | Fishing Ship |
| 8:34 | Create | Villager (Male) |
| 8:34 | Create | Villager (Male) |
| 8:35 | Create | Villager (Male) |
| 8:57 | Create | Fishing Ship |
| 9:11 | Create | Villager (Male) |
| 9:11 | Create | Villager (Male) |
| 9:15 | Build | House |
| 9:33 | Create | Villager (Male) |
| 9:57 | Build | Mill |
| 10:04 | Research | Loom |
| 10:16 | Create | Fishing Ship |
| 10:29 | Create | Villager (Male) |
| 10:30 | Create | Villager (Male) |
| 10:46 | Create | Fishing Ship |
| 11:06 | Build | House |
| 11:18 | Create | Villager (Male) |
| 11:27 | Build | Mining Camp |
| 11:40 | Create | Villager (Male) |
| 12:04 | Create | Villager (Male) |
| 12:15 | Create | Fishing Ship |
| 12:39 | Build | Mill |
| 12:44 | Create | Villager (Male) |
| 12:45 | Create | Villager (Male) |
| 12:53 | Build | House |
| 12:55 | Build | House |
| 13:24 | Build | Lumber Camp |
| 13:32 | Create | Villager (Male) |
| 13:46 | Create | Fishing Ship |
| 14:01 | Build | Palisade Wall |
| 14:06 | Create | Villager (Male) |
| 14:10 | Research | Feudal Age |
| 14:10 | Research | Feudal Age |
| 14:54 | Build | House |
| 15:01 | Create | Villager (Male) |
| 15:04 | Build | House |
| 16:20 | Age | Feudal Age |
| 16:29 | Build | Watch Tower |
| 16:33 | Create | Villager (Male) |
| 16:49 | Build | Market |
| 17:03 | Create | Villager (Male) |
| 17:31 | Build | Blacksmith |
| 17:51 | Research | Castle Age |
| 17:51 | Research | Castle Age |
| 18:15 | Build | House |
| 18:34 | Build | Barracks |
| 19:11 | Create | Militia |
| 19:11 | Create | Militia |
| 19:19 | Create | Villager (Male) |
| 19:22 | Research | Double-Bit Axe |
| 19:45 | Research | Fletching |
| 19:45 | Research | Fletching |
| 20:31 | Age | Castle Age |
| 20:37 | Build | Krepost |
| 21:04 | Research | Bodkin Arrow |
| 21:05 | Research | Bodkin Arrow |
| 21:23 | Create | Villager (Male) |
| 21:23 | Create | Villager (Male) |
| 21:57 | Build | Krepost |
| 22:16 | Create | Villager (Male) |
| 22:16 | Create | Villager (Male) |
| 22:16 | Create | Villager (Male) |
| 22:36 | Build | Siege Workshop |
| 23:21 | Create | Villager (Male) |
| 23:27 | Create | Battering Ram |
| 23:27 | Create | Battering Ram |
| 23:51 | Build | Krepost |
| 25:17 | Build | Lumber Camp |
| 25:53 | Build | Town Center |
| 26:05 | Create | Villager (Male) |
| 26:05 | Create | Villager (Male) |
| 26:05 | Create | Villager (Male) |
| 27:17 | Create | Villager (Male) |
| 27:17 | Create | Villager (Male) |
| 27:28 | Create | Petard |
| 28:07 | Create | Battering Ram |
| 29:14 | Create | Villager (Male) |
| 29:15 | Create | Villager (Male) |
| 29:15 | Create | Villager (Male) |
| 29:15 | Create | Villager (Male) |
| 29:16 | Create | Villager (Male) |
| 29:52 | Build | Siege Workshop |
| 30:13 | Create | Mangonel |
| 30:47 | Create | Villager (Male) |
| 30:47 | Create | Villager (Male) |
| 30:47 | Create | Villager (Male) |
| 30:47 | Create | Villager (Male) |
| 31:06 | Build | Krepost |
| 31:24 | Create | Mangonel |
| 31:51 | Create | Battering Ram |
| 31:52 | Create | Villager (Male) |
| 31:53 | Create | Villager (Male) |
| 31:53 | Create | Villager (Male) |
| 32:01 | Build | Siege Workshop |
| 32:31 | Create | Villager (Male) |
| 32:31 | Create | Villager (Male) |
| 32:46 | Build | Krepost |
| 33:03 | Create | Battering Ram |
| 33:03 | Create | Battering Ram |
| 33:26 | Build | Mining Camp |
| 33:48 | Build | Mining Camp |
| 33:57 | Create | Villager (Male) |
| 33:57 | Create | Villager (Male) |
| 33:57 | Create | Villager (Male) |
| 33:57 | Create | Villager (Male) |
| 34:13 | Create | Battering Ram |
| 34:14 | Create | Battering Ram |
| 34:25 | Create | Villager (Male) |
| 34:25 | Create | Villager (Male) |
| 34:25 | Create | Villager (Male) |
| 34:41 | Create | Battering Ram |
| 34:56 | Build | Krepost |
| 35:07 | Create | Villager (Male) |
| 35:07 | Create | Villager (Male) |
| 35:07 | Create | Villager (Male) |
| 35:18 | Create | Battering Ram |
| 36:53 | Build | Krepost |
| 37:05 | Build | Gate |
| 37:22 | Build | Town Center |
| 37:48 | Create | Battering Ram |
| 37:48 | Create | Battering Ram |
| 37:51 | Create | Battering Ram |
| 37:52 | Create | Battering Ram |
Match timeline
| 0:40 | Bailador Sensual · first_building Dock |
| 0:41 | King Hansonite III · first_building Dock |
| 1:14 | tomeq · first_building Dock |
| 1:30 | golden Eagle · first_building Dock |
| 1:58 | <Zarvan> · first_building Dock |
| 3:41 | Waldmann · first_building Dock |
| 11:26 | Delorean · first_building Barracks |
| 12:20 | <Zarvan> · age_up feudal |
| 13:04 | tomeq · first_building Barracks |
| 13:42 | Waldmann · first_building Barracks |
| 13:56 | Bailador Sensual · age_up feudal |
| 14:01 | King Hansonite III · wall_segment Palisade Wall x5 |
| 14:49 | Waldmann · age_up feudal |
| 14:53 | Delorean · age_up feudal |
| 14:55 | Delorean · first_building Stable |
| 16:00 | Bailador Sensual · first_building Barracks |
| 16:16 | Jota · age_up feudal |
| 16:20 | King Hansonite III · age_up feudal |
| 16:25 | <Zarvan> · first_building Barracks |
| 16:26 | golden Eagle · age_up feudal |
| 16:37 | tomeq · age_up feudal |
| 16:43 | tomeq · first_building Archery Range |
| 17:06 | <Zarvan> · first_building Archery Range |
| 17:23 | Bailador Sensual · first_building Archery Range |
| 17:39 | Jota · first_building Barracks |
| 17:39 | <Zarvan> · age_up castle |
| 17:41 | Delorean · wall_segment Palisade Wall x6 |
| 18:29 | Bailador Sensual · age_up castle |
| 18:34 | King Hansonite III · first_building Barracks |
| 19:08 | Delorean · age_up castle |
| 19:21 | Jota · first_building Archery Range |
| 20:14 | tomeq · first_market_sell 100 food |
| 20:31 | King Hansonite III · age_up castle |
| 20:36 | Jota · age_up castle |
| 20:37 | King Hansonite III · first_building Krepost |
| 20:42 | Delorean · first_market_buy 100 food |
| 20:43 | Bailador Sensual · wall_segment Stone Wall x10 |
| 22:36 | King Hansonite III · first_building Siege Workshop |
| 23:00 | tomeq · age_up castle |
| 23:11 | <Zarvan> · first_building Siege Workshop |
| 23:13 | tomeq · first_market_buy 100 stone |
| 23:19 | tomeq · first_building Castle |
| 23:39 | Waldmann · age_up castle |
| 23:42 | King Hansonite III · first_market_buy 100 stone |
| 23:54 | tomeq · first_building Siege Workshop |
| 24:25 | golden Eagle · resign |
| 25:18 | Jota · first_building Stable |
| 26:03 | Bailador Sensual · wall_segment Palisade Wall x1 |
| 26:06 | Bailador Sensual · wall_segment Palisade Wall x4 |
| 26:23 | Jota · first_market_buy 100 food |
| 27:25 | Waldmann · first_market_buy 100 stone |
| 27:29 | Waldmann · first_market_sell 100 wood |
| 27:46 | Waldmann · first_building Castle |
| 28:04 | King Hansonite III · first_market_sell 100 wood |
| 28:57 | Bailador Sensual · wall_segment Palisade Wall x14 |
| 29:02 | Bailador Sensual · wall_segment Palisade Wall x10 |
| 29:06 | Delorean · first_market_sell 100 wood |
| 29:12 | Bailador Sensual · wall_segment Palisade Wall x6 |
| 29:14 | Bailador Sensual · wall_segment Palisade Wall x1 |
| 29:17 | Bailador Sensual · wall_segment Palisade Wall x12 |
| 29:18 | <Zarvan> · first_building Monastery |
| 29:46 | Bailador Sensual · first_building Castle |
| 31:08 | <Zarvan> · first_building Castle |
| 31:12 | Bailador Sensual · wall_segment Palisade Wall x1 |
| 31:15 | Bailador Sensual · wall_segment Palisade Wall x11 |
| 31:21 | Bailador Sensual · wall_segment Palisade Wall x6 |
| 31:24 | Bailador Sensual · wall_segment Palisade Wall x4 |
| 31:53 | Waldmann · first_building Stable |
| 32:26 | Bailador Sensual · wall_segment Stone Wall x11 |
| 33:09 | Bailador Sensual · wall_segment Stone Wall x8 |
| 34:20 | Bailador Sensual · wall_segment Stone Wall x6 |
| 34:21 | Bailador Sensual · wall_segment Stone Wall x6 |
| 34:25 | Bailador Sensual · wall_segment Stone Wall x9 |
| 34:28 | Bailador Sensual · wall_segment Stone Wall x11 |
| 34:33 | Bailador Sensual · wall_segment Stone Wall x9 |
| 34:38 | <Zarvan> · first_market_sell 100 wood |
| 34:40 | <Zarvan> · first_market_buy 100 food |
| 35:22 | Bailador Sensual · wall_segment Stone Wall x1 |
| 35:28 | Delorean · first_building Castle |
| 36:43 | Delorean · first_building Archery Range |
| 37:37 | Bailador Sensual · wall_segment Stone Wall x7 |
| 37:51 | <Zarvan> · age_up imperial |
| 40:47 | Bailador Sensual · first_market_buy 100 stone |
[ AI ANALYSIS · 1 CREDIT ]
What really happened in this match?
Wolo.gg analyzes every decision: build order, eco, micro, common mistakes by bracket. Personalized analysis on WhatsApp or Discord in 30 seconds.
Civ guide
Inca
Map guide
Nomad
Perfil
Jugador #513908